 Dungeon Crawl Stone Soup version 0.21.1-1-g345015fe64 (webtiles) character file.

2519 Naru the Cleaver (level 9, -6/79 HPs)
             Began as a Hill Orc Fighter on June 26, 2018.
             Was a Believer of Beogh.
             Mangled by a two-headed ogre
             ... wielding a +0 giant club
              (21 damage)
             ... on level 8 of the Dungeon.
             The game lasted 00:14:08 (8029 turns).

Naru the Cleaver (Hill Orc Fighter)                 Turns: 8029, Time: 00:14:08

Health: -6/79      AC: 13    Str: 19    XL:     9   Next: 54%
Magic:  9/9        EV:  4    Int:  8    God:    Beogh [**....]
Gold:   405        SH: 15    Dex: 13    Spells: 8/8 levels left

rFire    + . .     SeeInvis .   a - +1 war axe
rCold    x . .     Gourm    .   z - +0 large shield
rNeg     . . .     Faith    .   D - +0 chain mail (curse)
rPois    .         Spirit   .   (no helmet)
rElec    .         Reflect  .   y - +1 cloak
rCorr    .         Harm     .   (no gloves)
MR       .....                  o - +0 pair of boots
Stlth    ..........             (no amulet)
HPRegen  0.23/turn              u - ring of wizardry
MPRegen  0.11/turn              B - ring of fire

@: no status effects
A: no striking features
a: Smiting, Renounce Religion


You were on level 8 of the Dungeon.
You worshipped Beogh.
Beogh was pleased with you.
You were not hungry.

You visited 1 branch of the dungeon, and saw 8 of its levels.
You also visited: Sewer.

You collected 405 gold pieces.

Inventory:

Hand Weapons
 a - a +1 war axe (weapon)
 t - a cursed -3 spear
Missiles
 j - 13 tomahawks (quivered)
Armour
 o - a +0 pair of boots (worn)
 y - a +1 cloak (worn)
 z - a +0 large shield (worn)
 D - a cursed +0 chain mail (worn)
Jewellery
 g - a +4 ring of protection {unknown}
 u - a ring of wizardry (left hand)
 B - a ring of fire (right hand)
Wands
 E - a wand of flame (34)
Scrolls
 c - a scroll of immolation
 k - 2 scrolls of blinking
 l - 5 scrolls of remove curse
 w - 3 scrolls of teleportation
 x - 6 scrolls of fear
 A - 2 scrolls of fog
 F - a scroll of amnesia {unknown}
Potions
 b - a potion of lignification {unknown}
 d - 2 potions of might
 e - 3 potions of curing
 h - 2 potions of ambrosia
 i - a potion of cancellation
 m - 2 potions of agility {unknown}
 n - 3 potions of mutation {unknown}
 p - a potion of heal wounds
 q - a potion of degeneration {unknown}
 r - 2 potions of invisibility {unknown}
 s - a potion of resistance {unknown}
 v - 3 potions of haste {unknown}
Comestibles
 f - 6 rations


   Skills:
 * Level 7.5 Fighting
 * Level 11.1 Axes
 + Level 5.9 Armour
 + Level 1.6 Dodging
 + Level 0.2 Stealth
 + Level 7.1 Shields


You had 8 spell levels left.
You didn't know any spells.

Dungeon Overview and Level Annotations

Branches:
Dungeon (8/15)             Temple (0/1) D:5
   Lair: D:8-11

Altars:
Cheibriados
Gozag
Kikubaaqudgha
Makhleb
Nemelex Xobeh
Qazlal
Ru
Sif Muna
Uskayaw
Wu Jian
Yredelemnul
The Shining One


Message History

The two-headed ogre hits you but does no damage.
The two-headed ogre completely misses you.
You slash the two-headed ogre!
The two-headed ogre is lightly wounded.
You slash the two-headed ogre!
The two-headed ogre is moderately wounded.
The two-headed ogre hits you with a giant club! x2
* * * LOW HITPOINT WARNING * * *
You slash the two-headed ogre!
The two-headed ogre is heavily wounded.
You block the two-headed ogre's attack. The two-headed ogre barely misses you.
Your shield and chain mail prevent you from hitting the two-headed ogre.
The two-headed ogre is heavily wounded.
You block the two-headed ogre's attack.
The two-headed ogre hits you but does no damage.
You hit the two-headed ogre but do no damage.
The two-headed ogre is heavily wounded.
You block the two-headed ogre's attack.
The two-headed ogre hits you with a giant club!!
You die...

#.# #..# ##.# #.###..# #.#
#......# #.# #####.## ##'#
##.## ##... # #...### ##....
##.# ##..#.######.....
##....#########......##......
..........(.@O........'......
##......#######....#.##......
##.....# #.#.##.###.....
#.....# #...##.# ##....
#.....# #.#.##.# ##...
###.### #.#.##.# ##'# #.
#......# #.# #. ###.#### #.#
#.# ##.#


You could see a two-headed ogre.

Vanquished Creatures
  Pikel (D:7)
  An eye of draining (D:8)
  An ice beast (D:7)
  An orc warrior (D:7)
  A phantom (D:4)
  4 ogres
  A crocodile (D:8)
  A big kobold (D:8)
  2 bullfrogs
  2 scorpions (D:5)
  8 killer bees (D:7)
  2 howler monkeys
  A hound (D:7)
  An orc priest (D:4)
  A jelly (D:4)
  5 orc wizards
  4 worker ants
  A worker ant zombie (D:6)
  6 adders
  3 river rats (Sewer)
  3 oozes
  2 worms (D:2)
  An adder skeleton (D:4)
  5 leopard geckos
  18 orcs
  4 ball pythons
  5 bats
  5 giant cockroaches
  10 goblins
  7 hobgoblins
  12 jackals
  14 kobolds
  3 quokkas
  14 frilled lizards
  9 rats
159 creatures vanquished.

Vanquished Creatures (others)
  3 orcs (D:8)
  A goblin (D:3)
  A bat (D:3)
5 creatures vanquished.

Grand Total: 164 creatures vanquished

Notes
Turn   | Place    | Note
-------+----------+-------------------------------------------
     0 | D:1      | Naru the Hill Orc Fighter began the quest for the Orb.
     0 | D:1      | Reached XP level 1. HP: 19/19 MP: 1/1
   316 | D:1      | Reached XP level 2. HP: 27/27 MP: 2/2
   501 | D:1      | Reached skill level 3 in Axes
   599 | D:1      | Reached XP level 3. HP: 33/33 MP: 3/3
  1396 | D:2      | Reached XP level 4. HP: 19/40 MP: 4/4
  1577 | D:2      | Found a sparkling altar of Nemelex Xobeh.
  1732 | D:2      | Found a deep blue altar of Sif Muna.
  1857 | D:3      | Reached skill level 4 in Axes
  1898 | D:3      | Became a worshipper of Beogh the Brigand
  1959 | D:3      | Reached XP level 5. HP: 44/47 MP: 5/5
  1984 | D:3      | Reached skill level 5 in Axes
  2067 | D:3      | Found a snail-covered altar of Cheibriados.
  2069 | D:3      | Found an ancient bone altar of Kikubaaqudgha.
  2071 | D:3      | Found a sacrificial altar of Ru.
  2076 | D:3      | Found an ornate altar of the Wu Jian Council.
  2076 | D:3      | Found a basalt altar of Yredelemnul.
  2077 | D:3      | Found a burning altar of Makhleb.
  2655 | D:3      | Found an opulent altar of Gozag.
  3042 | D:4      | Reached XP level 6. HP: 29/53 MP: 6/6
  3259 | D:4      | Noticed a phantom
  3318 | D:4      | Killed a phantom
  3318 | D:4      | Reached skill level 6 in Axes
  3422 | D:4      | Reached skill level 5 in Fighting
  3422 | D:4      | Reached skill level 7 in Axes
  3422 | D:4      | Reached XP level 7. HP: 48/61 MP: 7/7
  3436 | D:4      | Reached * piety under Beogh
  3682 | D:4      | Found a hide-covered altar of Uskayaw.
  3685 | D:4      | Noticed a dagger
  3686 | D:4      | Noticed a hand axe
  3970 | D:5      | Entered Level 5 of the Dungeon
  4245 | D:5      | Found a staircase to the Ecumenical Temple.
  4314 | D:5      | Reached skill level 5 in Shields
  4439 | D:5      | Found a glowing drain.
  4452 | D:5      | Reached skill level 8 in Axes
  4463 | Sewer    | Entered a sewer
  4959 | Sewer    | Reached XP level 8. HP: 61/70 MP: 8/8
  5302 | D:6      | Found a glowing golden altar of the Shining One.
  5382 | D:6      | Reached ** piety under Beogh
  5382 | D:6      | Reached skill level 1 in Dodging
  5646 | D:6      | Got a faintly glowing long sword
  5647 | D:6      | Identified the +0 long sword of the Exiled Hells {antimagic, *Drain +Blink +Fly rPois} (You found it on level 6 of the Dungeon)
  6330 | D:7      | Reached skill level 9 in Axes
  6332 | D:7      | Reached skill level 5 in Armour
  6600 | D:7      | Found a stormy altar of Qazlal.
  6612 | D:7      | Noticed Pikel
  6647 | D:7      | Killed Pikel
  6647 | D:7      | Reached skill level 10 in Axes
  6647 | D:7      | Reached XP level 9. HP: 72/79 MP: 9/9
  7866 | D:8      | Reached skill level 11 in Axes
  8010 | D:8      | Noticed a two-headed ogre
  8029 | D:8      | Mangled by a two-headed ogre

Skill      XL: |  1  2  3  4  5  6  7  8  9 |
---------------+----------------------------+-----
Axes           | 3 4 5 7 8 10 11 | 11.1
Fighting       | 4 5 6 7 |  7.5
Shields        | 4 5 6 7 |  7.1
Armour         | 4 5 |  5.9
Dodging        | 1 |  1.6
Stealth        | |  0.2

Action                   |  1- 3 |  4- 6 |  7- 9 || total
-------------------------+-------+-------+-------++-------
Melee: War axe           |   156 |   156 |   432 ||   744
Invok: Convert to Beogh  |       |     1 |       ||     1
  Use: Scroll            |       |     6 |     7 ||    13
       Potion            |       |       |     8 ||     8
  Eat: Chunk             |     2 |     3 |     1 ||     6
       Ration            |       |     1 |     5 ||     6
Armor: Scale mail        |    81 |    38 |       ||   119
       Chain mail        |       |    48 |   196 ||   244
Dodge: Dodged            |    50 |    51 |    55 ||   156
Block: Shield            |    76 |   107 |    38 ||   221
       Large shield      |       |       |   293 ||   293
